TOP OF THE 1ST |
Joplin Blasters batting - Pitching for Amarillo ThunderHeads : RHP Roberto Lamadrid
|
Pitching: RHP Roberto Lamadrid
|
|
Batting: RHB Dave Saldana
|
0-0: DOUBLE (Flyball, 89D, EV 96.2 MPH) - OUT at third base trying to stretch hit.
|
Batting: RHB Kevin Wimberly
|
0-0: Swinging Strike 0-1: Bunted foul 0-2: Ball 1-2: Strikes out swinging
|
Batting: LHB Mike Bhatti
|
0-0: Ball 1-0: Reached via error on a dropped throw from 1B, E1 (Groundball, 34, EV 103.8 MPH)
|
Batting: RHB Chance Argy
|
0-0: Ball 1-0: Ball 2-0: Called Strike 2-1: Swinging Strike 2-2: Strikes out looking
|
Top of the 1st over - 0 runs, 1 hit, 1 error, 1 left on base; Joplin 0 - Amarillo 0 |
BOTTOM OF THE 1ST |
Amarillo ThunderHeads batting - Pitching for Joplin Blasters : RHP Obiniana Gaters
|
Pitching: RHP Obiniana Gaters
|
|
Batting: SHB Zack Barton
|
0-0: Ball 1-0: Ball 2-0: Swinging Strike 2-1: Ball 3-1: Swinging Strike 3-2: Base on Balls
|
Batting: RHB Sal Cervantes
|
0-0: Ball 1-0: Ball Zack Barton steals 2nd base 2-0: Foul Ball, location: 2F 2-1: Ball 3-1: SINGLE (Line Drive, 9S, EV 91.9 MPH) Zack Barton to third
|
Batting: RHB Jerry Foster
|
0-0: Foul Ball, location: 2F 0-1: 3-RUN HOME RUN (Flyball, 7LD, EV 90.6 MPH), Distance : 341 ft
|
Batting: RHB Bill Flannery
|
0-0: Called Strike 0-1: Swinging Strike 0-2: Foul Ball, location: 2F 0-2: Ball 1-2: Ball 2-2: SINGLE (Groundball, 6M, EV 98.1 MPH) (infield hit)
|
Batting: RHB Ron Squires
|
0-0: Ball 1-0: SINGLE (Groundball, 56S, EV 73.1 MPH) (infield hit) Bill Flannery to second
|
Batting: RHB Eric Juarez
|
0-0: Ball 1-0: Ball 2-0: Ball 3-0: Base on Balls Bill Flannery to third Ron Squires to second
|
Batting: RHB Sam Voss
|
0-0: Fly out, F8 (Flyball, 8LM, EV 93.8 MPH)
|
Batting: RHB Jose Barboza
|
0-0: Ball 1-0: Swinging Strike 1-1: Swinging Strike 1-2: Strikes out swinging
|
Batting: SHB Tyler Romo
|
0-0: Swinging Strike 0-1: Fly out, F5 (Popup, 5L, EV 59.4 MPH)
|
Bottom of the 1st over - 3 runs, 4 hits, 0 errors, 3 left on base; Joplin 0 - Amarillo 3 |
TOP OF THE 2ND |
Joplin Blasters batting - Pitching for Amarillo ThunderHeads : RHP Roberto Lamadrid
|
Batting: RHB Bobby Matyas
|
0-0: Foul Ball, location: 2F 0-1: Called Strike 0-2: SINGLE (Line Drive, 9S, EV 86.2 MPH)
|
Batting: LHB Danny Pacheco
|
0-0: Swinging Strike 0-1: Foul Ball, location: 2F 0-2: Fly out, F9 (Flyball, 89D, EV 90.0 MPH)
|
Batting: RHB Nick Julien
|
0-0: Called Strike 0-1: Foul Ball, location: 2F 0-2: Strikes out swinging
|
Batting: RHB Phil Hamby
|
0-0: 2-RUN HOME RUN (Flyball, 9D, EV 96.9 MPH), Distance : 362 ft
|
Batting: RHB Jason Birge
|
0-0: SINGLE (Line Drive, 89M, EV 106.2 MPH)
|
Batting: RHB Dave Saldana
|
0-0: Ball Passed Ball! Jason Birge to second 1-0: Ball 2-0: Called Strike 2-1: Ground out 4-3 (Groundball, 34, EV 91.2 MPH)
|
Top of the 2nd over - 2 runs, 3 hits, 0 errors, 1 left on base; Joplin 2 - Amarillo 3 |
BOTTOM OF THE 2ND |
Amarillo ThunderHeads batting - Pitching for Joplin Blasters : RHP Obiniana Gaters
|
Batting: SHB Zack Barton
|
0-0: SINGLE (Groundball, 5S, EV 70.0 MPH) (infield hit)
|
Batting: RHB Sal Cervantes
|
0-0: Called Strike 0-1: Ball 1-1: Ball 2-1: Ground out 5-3 (Groundball, 56S, EV 70.0 MPH) Zack Barton to second
|
Batting: RHB Jerry Foster
|
0-0: Fly out, F6 (Line Drive, 6M, EV 115.0 MPH)
|
Batting: RHB Bill Flannery
|
0-0: Ball 1-0: Ground out 6-3 (Groundball, 6, EV 108.1 MPH)
|
Bottom of the 2nd over - 0 runs, 1 hit, 0 errors, 1 left on base; Joplin 2 - Amarillo 3 |
TOP OF THE 3RD |
Joplin Blasters batting - Pitching for Amarillo ThunderHeads : RHP Roberto Lamadrid
|
Batting: RHB Kevin Wimberly
|
0-0: Ball 1-0: Fly out, F8 (Flyball, 8LXD, EV 93.8 MPH)
|
Batting: LHB Mike Bhatti
|
0-0: Called Strike 0-1: Ball 1-1: Ball 2-1: Called Strike 2-2: Strikes out swinging
|
Batting: RHB Chance Argy
|
0-0: Ball 1-0: Ball 2-0: SINGLE (Line Drive, 4MD, EV 98.8 MPH)
|
Batting: RHB Bobby Matyas
|
0-0: SINGLE (Flyball, 8RS, EV 91.2 MPH) Chance Argy to second Runner from 2nd tries for 3rd, SAFE, throw by CF made to third
|
Batting: LHB Danny Pacheco
|
0-0: Ball 1-0: Ball Wild Pitch! Chance Argy scores Bobby Matyas to second 2-0: Ball 3-0: Base on Balls
|
Batting: RHB Nick Julien
|
0-0: Foul Ball, location: 2F 0-1: Foul Ball, location: 2F 0-2: SINGLE (Groundball, 6D, EV 106.2 MPH) Bobby Matyas to third Danny Pacheco to second Runner from 3rd tries for Home, SAFE, throw by LF to trailing runner, OUT at third! 7-3-5
|
Top of the 3rd over - 2 runs, 3 hits, 0 errors, 1 left on base; Joplin 4 - Amarillo 3 |
BOTTOM OF THE 3RD |
Amarillo ThunderHeads batting - Pitching for Joplin Blasters : RHP Obiniana Gaters
|
Batting: RHB Ron Squires
|
0-0: Ball 1-0: Ball 2-0: Fly out, F3 (Popup, 3S, EV 79.4 MPH)
|
Batting: RHB Eric Juarez
|
0-0: Ground out 5-3 (Groundball, 5S, EV 63.8 MPH)
|
Batting: RHB Sam Voss
|
0-0: Called Strike 0-1: Called Strike 0-2: Foul Ball, location: 2F 0-2: Foul Ball, location: 2F 0-2: Fly out, F5 (Line Drive, 5, EV 75.0 MPH)
|
Bottom of the 3rd over - 0 runs, 0 hits, 0 errors, 0 left on base; Joplin 4 - Amarillo 3 |
TOP OF THE 4TH |
Joplin Blasters batting - Pitching for Amarillo ThunderHeads : RHP Roberto Lamadrid
|
Batting: RHB Phil Hamby
|
0-0: SINGLE (Line Drive, 8RS, EV 107.5 MPH)
|
Batting: RHB Jason Birge
|
0-0: Swinging Strike 0-1: Ball 1-1: Ball 2-1: Called Strike 2-2: Ball 3-2: Base on Balls Phil Hamby to second
|
Batting: RHB Dave Saldana
|
0-0: Ball 1-0: Foul Ball, location: 2F 1-1: Ball 2-1: Foul Ball, location: 2F 2-2: Ball 3-2: Base on Balls Phil Hamby to third Jason Birge to second
|
Batting: RHB Kevin Wimberly
|
0-0: Ball 1-0: Swinging Strike 1-1: Ball 2-1: Foul Ball, location: 2F 2-2: Strikes out swinging
|
Batting: LHB Mike Bhatti
|
0-0: SINGLE (Line Drive, 89S, EV 93.1 MPH) Phil Hamby scores Jason Birge to third Dave Saldana to second
|
Batting: RHB Chance Argy
|
0-0: Called Strike 0-1: Fly out, F8 (Flyball, 89D, EV 103.1 MPH) Runner from 3rd tags up, SCORES, throw by CF Dave Saldana to third
|
Pitching: RHP Jim Sawicki
|
|
Batting: RHB Bobby Matyas
|
0-0: Fly out, F9 (Line Drive, 9, EV 95.0 MPH)
|
Top of the 4th over - 2 runs, 2 hits, 0 errors, 2 left on base; Joplin 6 - Amarillo 3 |
BOTTOM OF THE 4TH |
Amarillo ThunderHeads batting - Pitching for Joplin Blasters : RHP Obiniana Gaters
|
Batting: RHB Jose Barboza
|
0-0: Ball 1-0: SOLO HOME RUN (Flyball, 7D, EV 97.5 MPH), Distance : 373 ft
|
Batting: SHB Tyler Romo
|
0-0: Ball 1-0: Ground out 4-3 (Groundball, 4M, EV 101.9 MPH)
|
Batting: SHB Zack Barton
|
0-0: Ground out U3 (Groundball, 34, EV 89.4 MPH)
|
Batting: RHB Sal Cervantes
|
0-0: Fly out, F8 (Line Drive, 8LM, EV 105.0 MPH)
|
Bottom of the 4th over - 1 run, 1 hit, 0 errors, 0 left on base; Joplin 6 - Amarillo 4 |
TOP OF THE 5TH |
Joplin Blasters batting - Pitching for Amarillo ThunderHeads : RHP Jim Sawicki
|
Batting: LHB Danny Pacheco
|
0-0: Ball 1-0: Ball 2-0: Foul Ball, location: 2F 2-1: Ball 3-1: Base on Balls
|
Batting: RHB Nick Julien
|
0-0: Called Strike 0-1: Fly out, F2 (Popup, 23F, EV 86.9 MPH)
|
Batting: RHB Phil Hamby
|
0-0: Swinging Strike 0-1: Called Strike 0-2: Ball 1-2: 2-RUN HOME RUN (Flyball, 78XD, EV 102.5 MPH), Distance : 402 ft
|
Batting: RHB Jason Birge
|
0-0: Fly out, F6 (Flyball, 56D, EV 91.9 MPH)
|
Batting: RHB Dave Saldana
|
0-0: Ball 1-0: Ball 2-0: Ball 3-0: Called Strike 3-1: Fly out, F3 (Flyball, 3D, EV 81.9 MPH)
|
Top of the 5th over - 2 runs, 1 hit, 0 errors, 0 left on base; Joplin 8 - Amarillo 4 |
BOTTOM OF THE 5TH |
Amarillo ThunderHeads batting - Pitching for Joplin Blasters : RHP Obiniana Gaters
|
Batting: RHB Jerry Foster
|
0-0: Called Strike 0-1: Ball 1-1: Fly out, F7 (Flyball, 7LS, EV 86.2 MPH)
|
Batting: RHB Bill Flannery
|
0-0: Called Strike 0-1: Foul Ball, location: 2F 0-2: Foul Ball, location: 2F 0-2: Ball 1-2: Ball 2-2: SINGLE (Flyball, 7S, EV 88.1 MPH)
|
Batting: RHB Ron Squires
|
0-0: Foul Ball, location: 2F 0-1: Fielders Choice at 2nd, 4-6 (Groundball, 34, EV 82.5 MPH)
|
Batting: RHB Eric Juarez
|
0-0: Ball 1-0: Ball 2-0: Fielders Choice at 2nd, 5-4 (Groundball, 56, EV 81.9 MPH)
|
Bottom of the 5th over - 0 runs, 1 hit, 0 errors, 1 left on base; Joplin 8 - Amarillo 4 |
TOP OF THE 6TH |
Joplin Blasters batting - Pitching for Amarillo ThunderHeads : RHP Jim Sawicki
|
Batting: RHB Kevin Wimberly
|
0-0: Ball 1-0: Ball 2-0: Called Strike 2-1: Reached on error, E3 (Groundball, 34, EV 94.4 MPH)
|
Batting: LHB Mike Bhatti
|
0-0: Ball 1-0: DOUBLE (Line Drive, 89XD, EV 108.8 MPH) Kevin Wimberly to third
|
Batting: RHB Chance Argy
|
0-0: Ball 1-0: Ball 2-0: Foul Ball, location: 2F 2-1: SINGLE (Line Drive, 9LS, EV 106.2 MPH) Kevin Wimberly scores Mike Bhatti to third Runner from 3rd tries for Home, SAFE, throw by RF to home
|
Pitching: RHP Javier Carrasco
|
|
Batting: RHB Bobby Matyas
|
0-0: Grounds into double play, 5-4-3 (Groundball, 56S, EV 84.4 MPH)
|
Batting: LHB Danny Pacheco
|
0-0: Ball 1-0: Fly out, F7 (Flyball, 7D, EV 98.1 MPH)
|
Top of the 6th over - 2 runs, 2 hits, 1 error, 0 left on base; Joplin 10 - Amarillo 4 |
BOTTOM OF THE 6TH |
Amarillo ThunderHeads batting - Pitching for Joplin Blasters : RHP Obiniana Gaters
|
Pitching: LHP Brett Reed
|
|
Batting: RHB Sam Voss
|
0-0: Ball 1-0: Ball 2-0: Ball 3-0: Called Strike 3-1: Base on Balls
|
Batting: RHB Jose Barboza
|
0-0: Called Strike 0-1: Swinging Strike 0-2: Strikes out swinging
|
Batting: SHB Tyler Romo
|
0-0: Ball 1-0: Ball 2-0: Foul Ball, location: 2F 2-1: Swinging Strike 2-2: Strikes out swinging
|
Batting: SHB Zack Barton
|
0-0: Called Strike 0-1: Ball 1-1: Foul Ball, location: 2F 1-2: Foul Ball, location: 2F 1-2: Ball 2-2: SINGLE (Line Drive, 89M, EV 106.9 MPH) Sam Voss to second
|
Batting: RHB Sal Cervantes
|
0-0: Ball 1-0: Called Strike 1-1: SINGLE (Flyball, 78S, EV 89.4 MPH) Sam Voss to third Zack Barton to second Runner from 3rd tries for Home, SAFE, throw by LF to home
|
Batting: RHB Jerry Foster
|
0-0: Ground out 5-3 (Groundball, 56S, EV 68.1 MPH)
|
Bottom of the 6th over - 1 run, 2 hits, 0 errors, 2 left on base; Joplin 10 - Amarillo 5 |
TOP OF THE 7TH |
Joplin Blasters batting - Pitching for Amarillo ThunderHeads : RHP Javier Carrasco
|
Batting: RHB Nick Julien
|
0-0: Swinging Strike 0-1: DOUBLE (Flyball, 8RXD, EV 105.0 MPH)
|
Batting: RHB Phil Hamby
|
0-0: Ball 1-0: Foul Ball, location: 2F 1-1: Called Strike 1-2: Ground out 4-3 (Groundball, 4, EV 86.9 MPH) Nick Julien to third
|
Batting: RHB Jason Birge
|
0-0: Foul Ball, location: 2F 0-1: Called Strike 0-2: Ball Wild Pitch! Nick Julien scores 1-2: Fly out, F7 (Flyball, 7D, EV 83.1 MPH)
|
Batting: RHB Dave Saldana
|
0-0: Ball 1-0: Ground out 6-3 (Groundball, 6, EV 88.1 MPH)
|
Top of the 7th over - 1 run, 1 hit, 0 errors, 0 left on base; Joplin 11 - Amarillo 5 |
BOTTOM OF THE 7TH |
Amarillo ThunderHeads batting - Pitching for Joplin Blasters : LHP Brett Reed
|
Batting: RHB Bill Flannery
|
0-0: Ground out 6-3 (Groundball, 6, EV 86.9 MPH)
|
Batting: RHB Ron Squires
|
0-0: Called Strike 0-1: Ball 1-1: Called Strike 1-2: Ball 2-2: Foul Ball, location: 2F 2-2: Ball 3-2: DOUBLE (Line Drive, 3D, EV 99.4 MPH)
|
Batting: RHB Eric Juarez
|
0-0: Called Strike Ron Squires steals 3rd base 0-1: Ball Passed Ball! Ron Squires scores 1-1: Foul Ball, location: 2F 1-2: Ball 2-2: Strikes out looking
|
Batting: RHB Sam Voss
|
0-0: Ball 1-0: Ball 2-0: Ball 3-0: Base on Balls
|
Pitching: RHP John Barnett
|
|
Batting: RHB Jose Barboza
|
0-0: Called Strike 0-1: Ball 1-1: Foul Ball, location: 2F 1-2: Foul Ball, location: 2F 1-2: Ball 2-2: Foul Ball, location: 2F 2-2: Strikes out looking
|
Bottom of the 7th over - 1 run, 1 hit, 0 errors, 1 left on base; Joplin 11 - Amarillo 6 |
TOP OF THE 8TH |
Joplin Blasters batting - Pitching for Amarillo ThunderHeads : RHP Javier Carrasco
|
Batting: RHB Kevin Wimberly
|
0-0: Called Strike 0-1: Swinging Strike 0-2: Ball 1-2: Strikes out swinging
|
Batting: LHB Mike Bhatti
|
0-0: Ball 1-0: Ball 2-0: Ball 3-0: DOUBLE (Line Drive, 89M, EV 96.9 MPH)
|
Batting: RHB Chance Argy
|
0-0: Ball Passed Ball! Mike Bhatti to third 1-0: Foul Ball, location: 2F 1-1: Foul Ball, location: 2F 1-2: Ball Passed Ball! Mike Bhatti scores 2-2: Ball 3-2: Foul Ball, location: 2F 3-2: Foul Ball, location: 2F 3-2: Foul Ball, location: 2F 3-2: Base on Balls
|
Batting: RHB Bobby Matyas
|
0-0: Foul Ball, location: 2F 0-1: Called Strike 0-2: Ball 1-2: Ball 2-2: Foul Ball, location: 2F 2-2: Foul Ball, location: 2F 2-2: Ball Wild Pitch! Chance Argy to second 3-2: Base on Balls
|
Pitching: LHP Matt Hawk
|
|
Batting: LHB Danny Pacheco
|
0-0: Ball 1-0: Foul Ball, location: 2F 1-1: Foul Ball, location: 2F 1-2: Ball 2-2: Ball 3-2: Base on Balls Chance Argy to third Bobby Matyas to second
|
Batting: RHB Nick Julien
|
0-0: Ball 1-0: Ball 2-0: Ball 3-0: Called Strike 3-1: Base on Balls Chance Argy scores Bobby Matyas to third Danny Pacheco to second
|
Batting: RHB Phil Hamby
|
0-0: Ball 1-0: Foul Ball, location: 2F 1-1: Fielders Choice at 2nd, 3-6 (Groundball, 34S, EV 84.4 MPH) Bobby Matyas scores Danny Pacheco to third
|
Batting: RHB Jason Birge
|
0-0: Ball 1-0: Swinging Strike 1-1: Swinging Strike 1-2: Foul Ball, location: 2F 1-2: Ball 2-2: Ball 3-2: Base on Balls Phil Hamby to second
|
Pinch Hitting: RHB Carlos Santoni
|
0-0: Ball 1-0: Called Strike 1-1: Called Strike 1-2: Strikes out swinging
|
Top of the 8th over - 3 runs, 1 hit, 0 errors, 3 left on base; Joplin 14 - Amarillo 6 |
BOTTOM OF THE 8TH |
Amarillo ThunderHeads batting - Pitching for Joplin Blasters : RHP John Barnett
|
Now in CF: Carlos Santoni
|
|
Batting: SHB Tyler Romo
|
0-0: Called Strike 0-1: Ball 1-1: Ball 2-1: SINGLE (Groundball, 6, EV 104.4 MPH)
|
Batting: SHB Zack Barton
|
0-0: DOUBLE (Groundball, 3L, EV 108.1 MPH) Tyler Romo to third
|
Batting: RHB Sal Cervantes
|
0-0: Ball 1-0: Ground out 5-3 (Groundball, 56, EV 103.8 MPH) Tyler Romo scores
|
Batting: RHB Jerry Foster
|
0-0: SINGLE (Groundball, 56D, EV 100.6 MPH) Zack Barton to third Runner from 3rd tries for Home, SAFE, throw by LF to home Jerry Foster to second
|
Batting: RHB Bill Flannery
|
0-0: Called Strike 0-1: SINGLE (Groundball, 6MD, EV 105.0 MPH) (infield hit) Jerry Foster to third
|
Batting: RHB Ron Squires
|
0-0: Ball 1-0: Ball 2-0: Ball 3-0: Called Strike 3-1: Foul Ball, location: 2F 3-2: Grounds into double play, 3-6-3 (Groundball, 34, EV 100.0 MPH)
|
Bottom of the 8th over - 2 runs, 4 hits, 0 errors, 1 left on base; Joplin 14 - Amarillo 8 |
TOP OF THE 9TH |
Joplin Blasters batting - Pitching for Amarillo ThunderHeads : LHP Matt Hawk
|
Batting: RHB Kevin Wimberly
|
0-0: Foul Ball, location: 2F 0-1: Swinging Strike 0-2: Ball 1-2: Ball 2-2: Foul Ball, location: 2F 2-2: Ground out 4-3 (Groundball, 4, EV 108.1 MPH)
|
Batting: LHB Mike Bhatti
|
0-0: Called Strike 0-1: Ball 1-1: Called Strike 1-2: Strikes out swinging
|
Batting: RHB Chance Argy
|
0-0: Swinging Strike 0-1: Ball 1-1: DOUBLE (Line Drive, 78XD, EV 105.6 MPH)
|
Batting: RHB Bobby Matyas
|
0-0: Ball 1-0: Ground out 5-3 (Groundball, 5S, EV 62.5 MPH)
|
Top of the 9th over - 0 runs, 1 hit, 0 errors, 1 left on base; Joplin 14 - Amarillo 8 |
BOTTOM OF THE 9TH |
Amarillo ThunderHeads batting - Pitching for Joplin Blasters : RHP John Barnett
|
Batting: RHB Eric Juarez
|
0-0: Called Strike 0-1: Foul Ball, location: 2F 0-2: Ball 1-2: Ball 2-2: Foul Ball, location: 2F 2-2: Ball 3-2: Foul Ball, location: 2F 3-2: Strikes out looking
|
Batting: RHB Sam Voss
|
0-0: Called Strike 0-1: Ball 1-1: Swinging Strike 1-2: Ball 2-2: Strikes out looking
|
Batting: RHB Jose Barboza
|
0-0: Called Strike 0-1: Swinging Strike 0-2: Ball 1-2: Ball 2-2: Ball 3-2: Foul Ball, location: 2F 3-2: Foul Ball, location: 2F 3-2: Strikes out swinging
|
Bottom of the 9th over - 0 runs, 0 hits, 0 errors, 0 left on base; Joplin 14 - Amarillo 8 |
|